 Dungeon Crawl Stone Soup version 0.20.1-1-g8b1a95d (webtiles) character file.

13251 vomix the Severer (level 11, -2/98 (99) HPs)
             Began as a Minotaur Berserker on Aug 22, 2017.
             Was an Elder of Trog.
             Slain by a yak (3 damage)
             ... on level 2 of the Lair of Beasts.
             The game lasted 00:27:30 (11235 turns).

vomix the Severer (Minotaur Berserker)             Turns: 11235, Time: 00:27:35

HP:   -2/98 (99)    AC: 15    Str: 22    XL:     11   Next: 73%
MP:   0/10          EV:  9    Int:  4    God:    Trog [****..]
Gold: 735           SH:  0    Dex: 13    Spells: 10/10 levels left

rFire    + . .     SeeInvis +   E - +0 broad axe
rCold    + . .     Gourm    .   (no shield)
rNeg     . . .     Faith    .   p - +1 chain mail {MR+}
rPois    +         Spirit   +   (helmet restricted)
rElec    +         Reflect  .   N - +0 cloak
rCorr    +         Harm     .   (no gloves)
MR       +....                  L - +0 pair of boots
Stlth    ..........             A - amulet of guardian spirit
Regen    0.3/turn               I - ring of see invisible
MPRegen  0.2/turn               P - ring of resist corrosion

@: resistant
A: retaliatory headbutt, horns 2
a: Berserk, Trog's Hand, Brothers in Arms, Burn Spellbooks, Renounce Religion


You were on level 2 of the Lair of Beasts.
You worshipped Trog.
Trog was greatly pleased with you.
You were hungry.

You visited 3 branches of the dungeon, and saw 12 of its levels.

You collected 735 gold pieces.

Inventory:

Hand Weapons
 E - a +0 broad axe (weapon)
Missiles
 v - 5 tomahawks of returning (quivered)
 H - 4 curare-tipped needles
Armour
 j - a +0 plate armour
 p - a +1 chain mail of magic resistance (worn)
 L - a +0 pair of boots (worn)
 N - a +0 cloak (worn)
Jewellery
 A - an amulet of guardian spirit (around neck)
 I - a ring of see invisible (left hand)
 P - a ring of resist corrosion (right hand)
Wands
 l - a wand of enslavement (12/24)
 s - a wand of confusion (14/48)
 y - a wand of polymorph (3/24)
 C - a wand of iceblast (11/15)
 D - a wand of lightning (6/15)
 K - a wand of scattershot (5/9)
 M - a wand of confusion (31/48)
Scrolls
 a - 2 scrolls of blinking {unknown}
 b - 2 scrolls of fog
 d - 3 scrolls of fear {unknown}
 i - 4 scrolls of immolation {unknown}
 k - 2 scrolls of recharging {unknown}
 m - 5 scrolls of remove curse
 n - a scroll of silence
 o - 6 scrolls of teleportation
 q - 2 scrolls of amnesia {unknown}
 t - 2 scrolls of magic mapping {unknown}
 w - 4 scrolls of enchant armour {unknown}
 J - 2 scrolls of vulnerability {unknown}
Potions
 e - 2 potions of flight
 f - 2 potions of agility
 h - 3 potions of haste
 r - 3 potions of curing
 z - a potion of resistance
 B - a potion of ambrosia
 F - a potion of cancellation
 G - a potion of berserk rage
Miscellaneous
 x - a fan of gales (inert)
Comestibles
 c - 11 bread rations
 g - 2 royal jellies
 u - 18 fruits


   Skills:
 - Level 10.0 Fighting
 + Level 17.7 Axes
 + Level 9.0 Armour
 - Level 2.1 Dodging


You had 10 spell levels left.
You didn't know any spells.

Dungeon Overview and Level Annotations

Branches:
Dungeon (9/15)             Temple (1/1) D:4            Lair (2/6) D:9
    Orc (0/2) D:9
  Swamp: Lair:2-4    Shoals: Lair:2-4     Snake: Lair:2-4    Spider: Lair:2-4

Altars:
Ashenzari
Cheibriados
Dithmenos
Elyvilon
Fedhas
Gozag
Hepliaklqana
Kikubaaqudgha
Makhleb
Nemelex Xobeh
Okawaru
Qazlal
Ru
Sif Muna
Trog
Uskayaw
Vehumet
Xom
Yredelemnul
Zin
The Shining One

Shops:
D:5 [


Innate Abilities, Weirdness & Mutations

You reflexively headbutt those who attack you in melee.
You have a pair of horns on your head.


Message History

A fierce wind blows from the fan.
The necrophage is blown away by the wind.
The yak gores your two-headed ogre! The yak completely misses you.
Your two-headed ogre closely misses the yak.
Your two-headed ogre hits the yak with a giant spiked club!
The yak gores you but does no damage. x2; The six-headed hydra bites you!
* * * LOW HITPOINT WARNING * * *
The six-headed hydra bites you but does no damage.
The six-headed hydra barely misses you. The six-headed hydra bites you.
* * * LOW HITPOINT WARNING * * *
The six-headed hydra barely misses you.
The six-headed hydra bites you but does no damage.
It was a potion of resistance.
You feel protected. The yak gores your two-headed ogre!
Your two-headed ogre hits the yak with a giant spiked club!
Your two-headed ogre barely misses the yak.
The yak barely misses you. You furiously retaliate!
You headbutt the yak! The yak gores you.
You die...

.......... ..........#
..........# ..........#
.......?..#
..........### ### ##
........÷.P.###.##..#...
......Y.Y...............
.###.D@.OY............≈
#..nY.............≈≈
##...............†.≈
#......####.###P....
##.....# ### ##...
#....## ... ...... ..
##....##


You could see a six-headed hydra, 4 yaks, a necrophage and a friendly two-headed
ogre (berserk).

Vanquished Creatures
  5 death yaks (D:9)
  The ghost of dscm the Thaumaturge, a novice DrWz of Vehumet (D:8)
  Pikel (D:5)
  A black mamba (Lair:2)
  3 spiny frogs
  Psyche (D:8)
  3 hippogriffs
  Sigmund (D:2)
  A hungry ghost (D:8)
  3 water moccasins
  Duvessa (D:7)
  2 porcupines (Lair:1)
  2 orc warriors
  A sky beast (D:5)
  4 black bears
  An ice beast (D:9)
  3 phantoms
  The ghost of vomix the Chopper, an amateur MiBe of Trog (D:3)
  A slave (D:5)
  3 necrophages
  4 ogres
  3 wolves (Lair:2)
  A centaur (D:9)
  8 bullfrogs
  2 gnoll sergeants (D:7)
  Dowan (D:7)
  2 scorpions (D:8)
  6 killer bees (D:9)
  3 wights (D:8)
  2 howler monkeys (D:7)
  A bullfrog zombie (D:5)
  3 centaur zombies
  7 orc priests
  7 hounds
  9 orc wizards
  2 bullfrog skeletons
  An iguana (D:8)
  Natasha (D:2)
  10 worker ants
  A hound zombie (D:9)
  A hound skeleton (D:9)
  A worker ant zombie (D:6)
  9 gnolls
  A howler monkey skeleton (D:7)
  9 adders
  A shadow imp (D:5)
  An ooze (D:7)
  An adder zombie (D:8)
  An adder skeleton (D:7)
  7 worms
  2 dart slugs
  4 leopard geckos
  35 orcs
  5 giant cockroaches
  14 goblins
  6 hobgoblins
  24 jackals
  8 kobolds
  3 quokkas (D:7)
  2 ball pythons
  9 bats
  4 frilled lizards
  A giant cockroach zombie (D:6)
  7 rats
269 creatures vanquished.

Vanquished Creatures (collateral kills)
  An ice dragon (Lair:1)
  2 death yaks (D:9)
  A hippogriff (D:7)
  A hungry ghost (D:8)
  A phantom (D:7)
  An ogre (D:6)
  A big kobold (D:8)
  3 orc priests
  A gnoll shaman (D:7)
  A worker ant (D:7)
  3 gnolls (D:7)
  5 orcs
  A kobold (D:8)
22 creatures vanquished.

Vanquished Creatures (others)
  A jackal (D:8)
  A fungus (Lair:1)
2 creatures vanquished.

Grand Total: 293 creatures vanquished

Notes
Turn   | Place    | Note
-------+----------+-------------------------------------------
     0 | D:1      | vomix the Minotaur Berserker began the quest for the Orb.
     0 | D:1      | Reached XP level 1. HP: 19/19 MP: 0/0
    31 | D:1      | Reached skill level 4 in Axes
    72 | D:1      | Reached XP level 2. HP: 25/26 MP: 1/1
   344 | D:1      | Reached ** piety under Trog
   348 | D:1      | Reached skill level 5 in Axes
   702 | D:1      | Reached XP level 3. HP: 27/31 MP: 2/2
  1157 | D:2      | Noticed Sigmund
  1163 | D:2      | Killed Sigmund
  1163 | D:2      | Reached skill level 7 in Axes
  1163 | D:2      | Reached XP level 4. HP: 25/39 MP: 3/3
  1163 | D:2      | Reached XP level 5. HP: 29/45 MP: 4/4
  1809 | D:2      | Noticed Natasha
  1815 | D:2      | Killed Natasha
  1815 | D:2      | Reached skill level 8 in Axes
  1989 | D:3      | Reached XP level 6. HP: 51/51 MP: 5/5
  2233 | D:3      | Noticed vomix's ghost (amateur MiBe)
  2245 | D:3      | Killed vomix's ghost
  2245 | D:3      | Reached skill level 9 in Axes
  2683 | D:4      | Reached XP level 7. HP: 52/57 MP: 6/6
  2725 | D:4      | Reached *** piety under Trog
  2882 | D:4      | Reached skill level 10 in Axes
  3171 | D:4      | Found a staircase to the Ecumenical Temple.
  3186 | D:4      | Reached skill level 11 in Axes
  3232 | Temple   | Entered the Ecumenical Temple
  3618 | D:5      | Entered Level 5 of the Dungeon
  3634 | D:5      | Reached **** piety under Trog
  3744 | D:5      | Reached XP level 8. HP: 64/64 MP: 7/7
  3882 | D:5      | Reached skill level 12 in Axes
  4172 | D:5      | Found Kaul's Antique Armour Boutique.
  4671 | D:5      | Noticed Pikel
  4684 | D:5      | Killed Pikel
  4684 | D:5      | Reached skill level 13 in Axes
  4922 | D:6      | Reached XP level 9. HP: 43/70 MP: 8/8
  4924 | D:6      | Reached skill level 14 in Axes
  5398 | D:6      | Found a glowing silver altar of Zin.
  5398 | D:6      | Found an ancient bone altar of Kikubaaqudgha.
  5399 | D:6      | Found a blossoming altar of Fedhas.
  5431 | D:6      | Got an ichor-stained flail
  5462 | D:6      | Found a stormy altar of Qazlal.
  5463 | D:6      | Found a hide-covered altar of Uskayaw.
  5865 | D:7      | Identified the +6 flail of Psychosis {drain, rElec rC- Str+2 Int+2} (You found it on level 6 of the Dungeon)
  5896 | D:7      | Noticed Duvessa
  5898 | D:7      | Noticed Dowan
  5906 | D:7      | Killed Duvessa
  5918 | D:7      | Killed Dowan
  5961 | D:7      | Found an iron altar of Okawaru.
  5985 | D:7      | Reached skill level 15 in Axes
  6712 | D:7      | Reached skill level 16 in Axes
  7302 | D:7      | Found a radiant altar of Vehumet.
  7525 | D:8      | Reached skill level 5 in Fighting
  7525 | D:8      | Reached XP level 10. HP: 81/81 MP: 4/9
  7778 | D:8      | Noticed dscm's ghost (novice DrWz)
  7788 | D:8      | Killed dscm's ghost
  7806 | D:8      | Noticed Psyche
  7817 | D:8      | Killed Psyche
  8613 | D:9      | Reached skill level 10 in Fighting
  8647 | D:9      | Noticed a death yak
  8660 | D:9      | Killed a death yak
  8663 | D:9      | Reached ***** piety under Trog
  8954 | D:9      | Noticed a death yak
  8955 | D:9      | Noticed a death yak
  8955 | D:9      | Noticed a death yak
  8955 | D:9      | Noticed a death yak
  8957 | D:9      | Noticed a death yak
  8958 | D:9      | Killed a death yak
  8959 | D:9      | Noticed a death yak
  8963 | D:9      | Killed a death yak
  8963 | D:9      | Reached skill level 5 in Armour
  8963 | D:9      | Reached XP level 11. HP: 99/99 MP: 8/10
  8964 | D:9      | Killed a death yak
  8967 | D:9      | Killed a death yak
  8968 | D:9      | Killed a death yak
  8970 | D:9      | Killed a death yak
  8970 | D:9      | Reached skill level 17 in Axes
  8971 | D:9      | Found a staircase to the Lair.
  9213 | D:9      | Found a staircase to the Orcish Mines.
  9266 | D:9      | Received a gift from Trog
  9317 | D:9      | Found a shadowy altar of Dithmenos.
  9527 | D:9      | Found a sparkling altar of Nemelex Xobeh.
  9661 | Lair:1   | Entered Level 1 of the Lair of Beasts
 10070 | Lair:1   | You fall through a shaft!
 10628 | Lair:1   | Noticed an ice dragon
 10642 | Lair:1   | Killed an ice dragon
 11207 | Lair:2   | Noticed a six-headed hydra
 11234 | Lair:2   | HP: 4/98 [six-headed hydra (12)]
 11234 | Lair:2   | HP: 1/98 [six-headed hydra (3)]
 11235 | Lair:2   | Slain by a yak

Skill      XL: |  1  2  3  4  5  6  7  8  9 10 11 |
---------------+----------------------------------+-----
Axes           | 4 5 7 8 9 11 13 16 17 | 17.7
Fighting       | 5 10 | 10.0
Armour         | 5 9 |  9.0
Dodging        | |  2.1

Action                   |  1- 3 |  4- 6 |  7- 9 | 10-12 || total
-------------------------+-------+-------+-------+-------++-------
Melee: Hand axe          |    71 |    63 |       |       ||   134
       Headbutt          |    11 |    21 |    75 |    39 ||   146
       War axe           |       |    41 |   383 |    42 ||   466
       Broad axe         |       |       |       |   179 ||   179
Invok: Berserk           |     1 |     2 |     6 |     5 ||    14
       Trog's Hand       |       |     1 |     1 |     3 ||     5
       Brothers in Arms  |       |       |     4 |     4 ||     8
       Burn Spellbooks   |       |       |       |     1 ||     1
Evoke: Fan of gales      |       |       |       |     1 ||     1
  Use: Scroll            |       |       |    11 |     5 ||    16
       Potion            |       |       |     1 |     4 ||     5
 Stab: Distracted        |       |       |       |     1 ||     1
  Eat: Chunk             |     1 |     8 |    15 |     3 ||    27
       Meat ration       |       |       |     2 |     2 ||     4
       Royal jelly       |       |       |       |     6 ||     6
Armor: Animal skin       |    17 |     6 |       |       ||    23
       Chain mail        |       |    24 |   176 |   113 ||   313
Dodge: Dodged            |    56 |    39 |   125 |   108 ||   328
